Map: Disco Bloodbath LE

Players

SortOf - Winner!

  • Race: Zerg Zerg
  • League: Platinum
  • Spawn Location: 3:00

Gerald

  • Race: Protoss Protoss
  • Spawn Location: 9:00

VOD

Have the link to the VOD?

Description

Time

  • Played on: Sept. 7, 2019, 9:35 a.m.
  • Length: 18:48
Show
View Real Time Build Order
Export as new Build Order

SortOf Zerg - Winner!

Build Orders: Hatch First, Brood Lord Corruptor 

Get SALT Encoding   

  12  0:00  Drone  
  13  0:12  Overlord  
  13  0:17  Drone  
  14  0:31  Drone x2  
  16  0:49  Hatchery  
  15  0:51  Drone  
  15  0:55  Drone  
  17  0:59  Drone  
  18  1:11  Extractor  
  17  1:15  Spawning Pool  
  17  1:18  Drone  
  17  1:22  Drone  
  18  1:30  Drone  
  19  1:39  Drone  
  20  1:49  Overlord  
  20  2:03  Queen x2  
  20  2:04  Zergling x4  
  26  2:12  Drone x2  
  26  2:14  Metabolic Boost  
  28  2:24  Drone x2  
  30  2:39  Hatchery  
  30  2:40  Zergling x2  
  30  2:44  Pneumatized Carapace  
  30  2:48  Drone  
  31  2:52  Overlord  
  31  2:57  Drone x2  
  33  3:00  Drone  
  34  3:06  Queen  
  34  3:12  Zergling x2  
  37  3:13  Zergling x2  
  37  3:16  Drone x2  
  37  3:18  Drone  
  41  3:20  Drone  
  41  3:25  Drone  
  43  3:32  Overlord  
  43  3:35  Drone  
  43  3:40  Overlord  
  44  3:44  Spore Crawler  
  44  3:45  Spore Crawler  
  44  3:46  Drone  
  43  3:48  Drone  
  43  3:52  Drone  
  43  3:54  Drone x4  
  49  3:57  Queen  
  51  4:02  Queen  
  51  4:04  Zergling x2  
  51  4:08  Spore Crawler  
  51  4:09  Drone  
  54  4:17  Drone x6  
  60  4:21  Spore Crawler  
  60  4:24  Drone  
  60  4:26  Overlord  
  59  4:35  Drone x6  
  64  4:42  Drone  
  63  4:45  Spore Crawler  
  63  4:48  Drone  
  63  4:51  Drone x8  
  71  4:56  Lair  
  71  5:01  Queen  
  71  5:02  Overlord  
  73  5:08  Extractor  
  73  5:09  Roach Warren  
  73  5:10  Zergling x4  
  73  5:11  Overlord  
  73  5:13  Drone  
  74  5:20  Extractor  
  72  5:21  Extractor  
  72  5:22  Overlord  
  72  5:23  Drone x6  
  72  5:24  Drone  
  72  5:25  Drone  
  72  5:27  Drone x2  
  81  5:31  Drone x2  
  83  5:42  Extractor  
  82  5:43  Extractor  
  80  5:57  Glial Reconstitution  
  80  5:58  Roach x9  
  80  5:59  Overseer  
  80  6:00  Overlord  
  80  6:02  Overlord  
  98  6:08  Overlord  
  98  6:10  Overlord  
  98  6:11  Evolution Chamber, Overlord x2  
  97  6:21  Hatchery  
  96  6:29  Overlord  
  96  6:31  Drone x2  
  96  6:32  Roach x9  
  116  6:39  Drone x3  
  119  6:43  Zerg Melee Weapons Level 1  
  119  6:45  Evolution Chamber  
  119  6:47  Baneling Nest, Infestation Pit  
  119  6:49  Drone x4  
  120  6:56  Roach x4  
  120  6:58  Ravager x3  
  131  7:07  Drone x3  
  134  7:12  Overseer  
  133  7:17  Drone x3  
  133  7:18  Drone x7  
  140  7:24  Hive  
  140  7:26  Drone  
  140  7:28  Spire  
  141  7:30  Drone x2  
  141  7:34  Overlord  
  141  7:36  Zergling x4  
  144  7:39  Ravager x2  
  144  7:40  Centrifical Hooks  
  146  7:44  Spore Crawler  
  146  7:45  Zergling x14, Extractor  
  146  7:46  Extractor  
  146  7:47  Overlord  
  146  7:49  Overlord  
  150  7:54  Drone x2  
  150  7:58  Zergling x8  
  156  8:05  Baneling x14  
  156  8:07  Overlord  
  155  8:13  Zergling x18  
  155  8:14  Ravager x4  
  155  8:17  Baneling x2  
  155  8:19  Baneling x3  
  168  8:30  Zergling x24  
  180  8:39  Zerg Melee Weapons Level 2  
  180  8:41  Adrenal Glands  
  180  8:43  Greater Spire  
  180  8:48  Zergling x2  
  180  8:49  Zergling x4  
  180  8:54  Baneling x11  
  183  8:59  Overlord  
  163  9:10  Zergling x38  
  163  9:11  Zergling x4  
  172  9:23  Hatchery  
  162  9:33  Hatchery  
  162  9:37  Overlord  
  162  9:38  Queen  
  162  9:40  Spore Crawler  
  162  9:41  Baneling x12  
  162  9:43  Overlord  
  162  9:44  Corruptor x2  
  165  9:48  Baneling x4  
  145  10:18  Corruptor x8  
  145  10:20  Zergling x8  
  146  10:30  Zergling x10  
  150  10:40  Zergling x4  
  150  10:43  Overseer  
  150  10:48  Drone x2  
  150  10:49  Brood Lord x2, Drone x2  
  158  10:50  Queen  
  158  10:54  Brood Lord x2  
  158  10:56  Baneling x2  
  164  10:57  Zergling x10  
  169  11:04  Zergling x10, Extractor x2  
  169  11:06  Corruptor  
  172  11:14  Zergling x20  
  172  11:17  Brood Lord x2  
  182  11:23  Brood Lord  
  183  11:26  Drone x5  
  185  11:37  Zergling x10  
  185  11:38  Baneling x9  
  185  11:39  Baneling x2  
  190  11:46  Extractor  
  189  11:48  Overlord x3  
  189  11:50  Zerg Missile Weapons Level 1, Zerg Flyer Weapons Level 1  
  189  11:54  Overseer  
  189  11:55  Overlord  
  185  12:02  Overlord  
  185  12:05  Overseer  
  183  12:08  Brood Lord  
  183  12:09  Brood Lord  
  183  12:12  Spine Crawler  
  183  12:13  Brood Lord, Spine Crawler  
  183  12:14  Spine Crawler x2  
  185  12:15  Spine Crawler  
  184  12:28  Corruptor x4  
  184  12:37  Corruptor x2  
  183  12:53  Corruptor x4  
  183  12:54  Corruptor  
  191  12:59  Queen  
  191  13:03  Corruptor x3  
  197  13:10  Spine Crawler x2  
  197  13:11  Spine Crawler  
  177  13:24  Drone x4  
  177  13:25  Corruptor, Drone x3  
  180  13:28  Drone x4  
  180  13:29  Drone  
  180  13:30  Drone  
  186  13:35  Drone x3  
  186  13:40  Brood Lord  
  191  13:53  Zergling x14  
  197  13:57  Zerg Flyer Weapons Level 2  
  197  14:00  Pathogen Glands  
  197  14:06  Corruptor x2  
  196  14:21  Corruptor  
  198  14:27  Overlord, Overseer  
  198  14:28  Overseer x2  
  189  14:39  Corruptor x5  
  194  14:48  Zergling x26  
  194  14:58  Zergling x12  
  200  15:06  Overlord  
  198  15:13  Overlord  
  188  15:24  Corruptor x5  
  180  15:29  Zergling x18  
  180  15:35  Corruptor x4  
  174  15:38  Brood Lord x2  
  184  15:55  Infestor  
  184  15:56  Infestor x4  
  184  15:57  Neural Parasite  
  176  16:04  Infestor x3  
  182  16:12  Hatchery  
  182  16:13  Brood Lord x2  
  182  16:17  Brood Lord  
  184  16:23  Evolution Chamber  
  181  16:27  Zergling x4  
  181  16:32  Brood Lord  
  183  16:33  Infestor x4  
  183  16:34  Zergling x2  
  190  16:42  Brood Lord  
  190  16:43  Zergling x4  
  189  16:49  Infestor  
  189  16:50  Zergling x6  
  192  16:54  Zergling x10  
  195  17:01  Hatchery  
  195  17:03  Overlord  
  194  17:08  Overlord  
  194  17:18  Overseer  
  194  17:19  Overseer  
  192  17:32  Infestor  
  192  17:33  Infestor x3  
  187  17:48  Infestor  
  188  17:53  Overseer  
  172  18:06  Zergling x18  
  172  18:17  Zergling x6  
  175  18:22  Zergling x6  
Show
View Real Time Build Order
Export as new Build Order

Gerald Protoss 

Build Orders: 1 Gate Expand, Oracle Opening, Archon Immortal, Archon Drop 

Get SALT Encoding   

  12  0:00  Probe  
  13  0:12  Probe  
  14  0:20  Pylon  
  14  0:24  Probe  
  15  0:28  Assimilator  
  15  0:36  Probe  
  16  0:44  Probe  
  16  0:45  Gateway  
  17  0:52  Probe  
  18  1:04  Probe  
  19  1:16  Probe  
  20  1:25  Nexus  
  20  1:33  Cybernetics Core  
  20  1:37  Probe  
  21  1:45  Assimilator  
  21  1:49  Probe  
  21  1:52  Pylon  
  22  2:01  Probe, Adept  
  23  2:13  Probe  
  26  2:18  Stargate  
  26  2:23  Stalker  
  26  2:25  Probe  
  29  2:38  Warp Gate  
  29  2:39  Probe  
  29  2:41  Probe  
  31  2:51  Probe, Adept  
  32  2:53  Probe  
  35  2:59  Oracle  
  35  3:03  Probe  
  35  3:05  Probe  
  40  3:16  Probe  
  40  3:17  Probe  
  42  3:21  Gateway, Assimilator  
  42  3:25  Assimilator  
  42  3:28  Pylon, Probe  
  43  3:34  Probe  
  43  3:40  Oracle, Probe  
  45  3:46  Probe  
  49  3:52  Probe  
  50  3:58  Probe, Robotics Facility  
  50  4:02  Pylon  
  51  4:04  Probe  
  52  4:11  Probe  
  52  4:12  Pylon  
  52  4:16  Probe  
  54  4:22  Twilight Council  
  54  4:23  Probe  
  55  4:28  Probe  
  56  4:35  Probe  
  55  4:40  Probe  
  55  4:45  Gateway  
  54  4:47  Gateway  
  54  4:49  Warp Prism  
  54  4:52  Forge  
  56  4:54  Pylon  
  56  4:56  Adept x2  
  60  5:04  Pylon  
  60  5:06  Templar Archives  
  60  5:14  Nexus  
  60  5:16  Protoss Ground Weapons Level 1  
  60  5:21  Probe  
  61  5:24  Probe  
  62  5:29  Pylon  
  62  5:38  Probe  
  62  5:40  Probe  
  64  5:44  Shield Battery  
  64  5:48  Immortal  
  64  5:50  Probe  
  64  5:55  Probe  
  63  5:57  High Templar x4  
  63  6:01  Archon x2  
  63  6:02  Probe  
  63  6:04  Gateway  
  76  6:05  Charge  
  76  6:07  Gateway, Probe  
  77  6:12  Pylon  
  77  6:14  Probe  
  78  6:20  Immortal, Probe  
  79  6:26  Probe x2  
  79  6:32  Gateway, Probe  
  86  6:34  Gateway  
  86  6:36  Psionic Storm  
  86  6:43  Probe  
  86  6:44  High Templar  
  86  6:46  Probe, Assimilator  
  90  6:47  Assimilator  
  90  6:49  Probe  
  91  6:55  Probe  
  91  6:58  Pylon  
  91  7:00  Gateway x2  
  92  7:02  Immortal  
  92  7:03  Zealot x3  
  92  7:05  High Templar  
  100  7:13  Probe  
  100  7:14  Protoss Ground Weapons Level 2  
  105  7:22  Probe  
  100  7:25  Zealot, High Templar  
  100  7:26  Zealot x2  
  100  7:28  Probe  
  100  7:29  Probe  
  110  7:32  Gateway  
  110  7:34  Photon Cannon  
  110  7:40  High Templar  
  110  7:41  Zealot x2  
  110  7:42  Observer  
  117  7:46  Probe  
  118  7:53  Stalker  
  120  8:02  High Templar, Nexus  
  122  8:08  Pylon  
  122  8:09  Blink  
  122  8:25  Pylon  
  122  8:26  Immortal  
  126  8:29  Pylon  
  126  8:30  Pylon  
  126  8:48  Probe  
  127  8:52  Photon Cannon  
  127  8:58  Zealot x10  
  145  9:05  Immortal  
  128  9:18  Archon x2  
  124  9:24  High Templar  
  124  9:25  Zealot x5, High Templar x5  
  124  9:28  Probe  
  133  9:32  Photon Cannon  
  133  9:36  Probe  
  134  9:39  Probe x2, Assimilator  
  134  9:41  Probe  
  134  9:43  Assimilator  
  141  9:45  Warp Prism  
  141  9:48  Probe  
  141  9:50  Zealot  
  141  9:51  Probe x2, Zealot x4  
  152  9:59  Zealot x4  
  155  10:00  Zealot x2  
  155  10:06  Probe  
  149  10:16  Zealot  
  149  10:17  Zealot x2  
  153  10:24  Sentry, Stalker x5  
  159  10:39  High Templar x2  
  159  10:42  Stalker x3  
  169  10:49  Archon x2  
  169  10:53  Stargate  
  169  10:57  Fleet Beacon  
  169  11:04  Photon Cannon  
  169  11:05  Shield Battery  
  169  11:07  Pylon  
  169  11:08  Pylon  
  169  11:12  Immortal  
  169  11:14  Zealot x2  
  169  11:17  Protoss Ground Weapons Level 3  
  169  11:18  Zealot x6  
  171  11:28  Probe  
  171  11:30  Pylon  
  171  11:32  Pylon  
  170  11:33  Pylon  
  170  11:39  Tempest  
  170  11:40  Probe  
  170  11:42  Gateway  
  170  11:44  Pylon  
  176  11:50  Zealot  
  176  11:51  Zealot  
  176  11:52  Tempest  
  180  12:00  Observer, Stalker x2  
  173  12:01  Sentry  
  176  12:13  Tempest  
  176  12:23  Mothership  
  189  12:30  Tempest  
  170  12:48  Zealot  
  170  12:50  Zealot x5  
  170  12:51  Zealot x3  
  184  12:57  Tempest  
  181  13:13  Tempest  
  169  13:31  Warp Prism  
  169  13:35  Probe  
  169  13:39  High Templar x8  
  169  13:40  Carrier, High Templar  
  194  13:42  Nexus  
  194  13:43  Pylon, Archon  
  194  13:44  Archon x2  
  194  13:47  Probe  
  195  13:54  Protoss Air Weapons Level 1  
  195  13:56  Gateway, Stalker x2  
  199  14:09  Observer  
  196  14:33  Zealot x2  
  200  14:43  Zealot  
  200  14:52  Zealot  
  189  15:10  Zealot x7  
  109  15:37  Tempest x2  
  109  15:38  Archon x2  
  109  15:41  Stalker x4  
  109  15:42  Stalker x5  
  127  15:43  Protoss Shields Level 1  
  121  15:57  Probe  
  120  16:06  Zealot x9  
  137  16:20  Tempest x2  
  147  16:27  Pylon, Zealot, Nexus  
  147  16:28  Zealot x8  
  137  17:05  High Templar x2  
  137  17:06  High Templar x7  
  155  17:11  Archon x3  
  155  17:16  Photon Cannon  
  155  17:17  Photon Cannon  
  155  17:18  Shield Battery  
  155  17:19  Shield Battery, Robotics Facility, Robotics Bay  
  155  17:21  Observer  
  134  17:42  Observer  
  134  17:46  Stalker x3  
  134  17:47  Stalker x4  
  144  18:04  Archon  
  95  18:16  Stalker  
  95  18:17  Stalker x8  
  87  18:41  Nexus  
Tags
 
Add a new tag
Caveats
  • Supply blocks, unpowered buildings, or Contaminate may cause inaccurate times.
  • Supply counts are checked every 10 seconds.